Map: Black Site 2E

Players

Slacker

  • Race: Protoss Protoss
  • Spawn Location: 9:00

Metasapien

  • Race: Zerg Zerg
  • League: Gold
  • Spawn Location: 12:00

Stephen

  • Race: Terran Terran
  • Spawn Location: 11:00

iamuncooth

  • Race: Terran Terran
  • League: Silver
  • Spawn Location: 5:00

noobzr

  • Race: Terran Terran
  • Spawn Location: 6:00

RukKus

  • Race: Terran Terran
  • League: Platinum
  • Spawn Location: 3:00

VOD

Have the link to the VOD?

Description

Time

  • Played on: Sept. 16, 2017, 4:55 p.m.
  • Length: 18:07
Show
View Real Time Build Order
Export as new Build Order

Slacker Protoss 

Build Orders: Cannon Rush 

Get SALT Encoding   

  12  0:01  Probe (Chrono Boost)  
  13  0:12  Probe (Chrono Boost)  
  14  0:18  Pylon  
  14  0:22  Probe (Chrono Boost)  
  15  0:36  Probe (Chrono Boost)  
  15  0:39  Forge  
  16  0:47  Probe (Chrono Boost)  
  17  0:57  Probe (Chrono Boost)  
  18  1:08  Probe (Chrono Boost)  
  19  1:18  Pylon  
  19  1:31  Pylon  
  19  1:39  Pylon  
  19  1:42  Photon Cannon  
  19  1:43  Photon Cannon  
  19  1:45  Photon Cannon  
  19  1:59  Photon Cannon  
  19  2:05  Photon Cannon  
  19  2:15  Photon Cannon  
  19  2:21  Pylon  
  19  2:38  Pylon  
  19  2:45  Photon Cannon  
  19  2:47  Photon Cannon  
  19  3:03  Pylon  
  19  3:04  Photon Cannon  
  19  3:06  Photon Cannon  
  19  3:18  Photon Cannon  
  19  3:23  Photon Cannon  
  19  3:26  Photon Cannon  
  19  3:29  Photon Cannon  
  19  3:38  Photon Cannon  
  19  3:45  Photon Cannon  
  18  4:36  Nexus  
  18  4:44  Gateway  
  18  4:50  Nexus  
  17  5:10  Assimilator  
  17  5:12  Probe (Chrono Boost)  
  18  5:15  Assimilator  
  18  5:17  Pylon  
  18  5:23  Probe (Chrono Boost)  
  19  5:34  Probe (Chrono Boost)  
  20  5:44  Probe (Chrono Boost)  
  20  5:48  Cybernetics Core  
  21  5:51  Assimilator  
  21  5:54  Probe (Chrono Boost)  
  21  5:55  Probe (Chrono Boost), Assimilator  
  23  6:05  Probe x2 (Chrono Boost)  
  23  6:09  Probe (Chrono Boost)  
  26  6:15  Probe (Chrono Boost)  
  26  6:16  Probe (Chrono Boost)  
  28  6:19  Probe (Chrono Boost)  
  29  6:26  Probe x2 (Chrono Boost)  
  29  6:28  Stargate  
  29  6:30  Probe (Chrono Boost)  
  32  6:36  Probe (Chrono Boost)  
  33  6:40  Probe (Chrono Boost)  
  33  6:41  Probe (Chrono Boost)  
  36  6:47  Probe (Chrono Boost)  
  36  6:51  Probe (Chrono Boost)  
  36  6:52  Probe (Chrono Boost)  
  38  6:57  Probe (Chrono Boost)  
  39  7:01  Probe (Chrono Boost)  
  39  7:02  Probe (Chrono Boost)  
  39  7:08  Probe (Chrono Boost)  
  42  7:12  Probe (Chrono Boost)  
  43  7:15  Fleet Beacon  
  43  7:18  Probe (Chrono Boost)  
  43  7:20  Stargate  
  44  7:24  Stargate  
  44  7:28  Assimilator  
  44  7:29  Probe (Chrono Boost)  
  45  7:32  Probe (Chrono Boost), Assimilator  
  46  7:39  Protoss Air Weapons Level 1, Probe (Chrono Boost)  
  47  7:50  Probe (Chrono Boost)  
  48  7:57  Probe (Chrono Boost)  
  49  7:59  Probe (Chrono Boost)  
  49  8:00  Probe (Chrono Boost)  
  51  8:07  Probe (Chrono Boost)  
  51  8:10  Probe (Chrono Boost)  
  51  8:11  Carrier, Probe (Chrono Boost)  
  60  8:17  Pylon  
  60  8:18  Probe (Chrono Boost)  
  61  8:20  Pylon  
  61  8:22  Pylon  
  61  8:35  Probe x3 (Chrono Boost)  
  61  8:41  Graviton Catapult  
  64  8:46  Probe x3 (Chrono Boost)  
  67  8:56  Probe x2 (Chrono Boost)  
  68  9:07  Probe x2 (Chrono Boost), Robotics Facility  
  70  9:10  Carrier  
  75  9:18  Carrier, Probe x2 (Chrono Boost)  
  82  9:36  Probe (Chrono Boost)  
  83  9:47  Probe (Chrono Boost)  
  84  9:56  Probe (Chrono Boost)  
  84  9:57  Observer (Chrono Boost)  
  85  10:11  Protoss Air Armor Level 1 (Chrono Boost)  
  83  10:41  Nexus  
  83  10:52  Pylon  
  83  10:54  Pylon  
  83  10:59  Observer  
  84  11:09  Carrier (Chrono Boost)  
  90  11:11  Carrier (Chrono Boost)  
  96  11:19  Pylon  
  96  11:22  Pylon  
  96  11:27  Pylon  
  96  11:29  Pylon  
  96  11:31  Assimilator  
  96  11:33  Probe, Pylon  
  96  11:36  Pylon, Assimilator  
  96  11:37  Carrier (Chrono Boost)  
  96  11:38  Pylon  
  103  11:40  Pylon  
  103  11:43  Probe x2  
  105  11:51  Protoss Air Weapons Level 2 (Chrono Boost)  
  105  11:54  Probe  
  105  11:55  Probe  
  107  12:04  Probe  
  107  12:07  Probe  
  109  12:15  Probe  
  109  12:19  Probe  
  111  12:31  Probe  
  111  12:35  Carrier (Chrono Boost)  
  111  12:37  Carrier (Chrono Boost)  
  124  12:43  Probe  
  131  12:59  Carrier (Chrono Boost)  
  99  13:40  Observer  
  94  14:02  Observer  
Show
View Real Time Build Order
Export as new Build Order

Metasapien Zerg 

Build Orders: Hatch First 

Get SALT Encoding   

  12  0:01  Drone  
  13  0:16  Drone  
  13  0:20  Overlord  
  14  0:22  Extractor  
  14  0:24  Drone  
  15  0:39  Drone x2  
  17  0:57  Hatchery  
  16  1:05  Drone  
  17  1:15  Spawning Pool  
  17  1:17  Drone  
  17  1:18  Extractor  
  17  1:21  Drone  
  17  1:35  Drone  
  17  1:36  Drone  
  19  1:54  Overlord  
  19  2:08  Queen  
  19  2:10  Queen  
  19  2:11  Drone  
  24  2:19  Zergling x4  
  24  2:21  Drone  
  27  2:25  Extractor  
  27  2:26  Drone  
  27  2:33  Drone  
  27  2:36  Metabolic Boost  
  28  2:38  Drone  
  29  2:46  Drone  
  30  2:57  Drone  
  30  2:58  Drone  
  32  3:00  Drone  
  33  3:10  Roach Warren  
  32  3:13  Drone  
  32  3:15  Drone x2  
  35  3:34  Drone  
  35  3:36  Overlord x2  
  36  3:43  Extractor  
  36  3:44  Overlord  
  35  3:56  Lair  
  35  3:57  Roach  
  35  3:58  Roach x4  
  35  3:59  Roach x2  
  35  4:00  Roach  
  51  4:04  Drone  
  51  4:07  Drone x2  
  54  4:11  Drone  
  54  4:12  Drone  
  54  4:15  Drone  
  57  4:18  Overlord  
  57  4:44  Drone x2  
  57  4:45  Drone x3  
  62  4:48  Overlord  
  62  4:49  Overlord  
  62  4:50  Extractor  
  61  4:59  Ravager  
  63  5:00  Ravager x2  
  64  5:18  Hatchery  
  47  5:46  Drone x3  
  47  5:47  Drone x3  
  53  5:51  Roach x5  
  53  5:54  Hydralisk Den  
  62  5:59  Infestation Pit  
  62  6:00  Overlord x2  
  61  6:18  Roach x3  
  67  6:20  Drone x2  
  67  6:21  Drone  
  70  6:28  Pneumatized Carapace  
  70  6:32  Glial Reconstitution  
  70  6:47  Drone  
  70  6:48  Drone, Queen  
  70  6:54  Drone x2  
  76  6:58  Evolution Chamber x2  
  76  7:00  Muscular Augments  
  76  7:01  Lair, Hydralisk x3  
  74  7:02  Hydralisk x2, Roach  
  74  7:06  Drone x2  
  88  7:21  Drone  
  89  7:24  Zerg Missile Weapons Level 1  
  89  7:25  Zerg Ground Armor Level 1  
  89  7:34  Hatchery  
  89  7:35  Drone x2  
  89  7:36  Drone x2  
  89  7:37  Drone x2  
  94  7:39  Roach x2  
  94  7:40  Roach x3  
  94  7:41  Roach  
  106  7:53  Extractor  
  106  7:54  Extractor  
  104  8:04  Drone x2  
  106  8:07  Overlord x3  
  106  8:10  Overlord x2  
  106  8:11  Overlord  
  106  8:16  Overseer  
  106  8:32  Queen  
  108  8:38  Drone x3  
  111  8:42  Extractor x2  
  111  8:45  Roach x3  
  111  8:46  Roach x3  
  121  8:53  Drone x3  
  124  8:58  Queen  
  124  8:59  Drone  
  127  9:16  Spine Crawler  
  126  9:22  Spore Crawler  
  125  9:34  Overseer  
  125  9:35  Overseer  
  125  9:55  Lair  
  125  9:57  Overlord x5  
  125  9:58  Overlord x2  
  125  9:59  Roach, Hydralisk x3  
  131  10:00  Roach x4, Hydralisk x2  
  131  10:01  Roach  
  131  10:02  Zerg Missile Weapons Level 2, Zerg Ground Armor Level 2  
  147  10:21  Drone x3  
  150  10:39  Drone, Hydralisk  
  150  10:40  Roach x2, Hydralisk x4  
  150  10:41  Roach x3, Hydralisk  
  167  11:08  Hydralisk x3  
  167  11:09  Roach x3, Hydralisk  
  167  11:10  Drone x3  
  177  11:23  Drone  
  176  11:26  Overlord  
  176  11:27  Overlord  
  176  11:39  Queen x2  
  180  11:42  Drone  
  180  11:43  Drone, Hydralisk x2  
  180  11:44  Roach x3, Hydralisk  
  180  11:45  Roach  
  180  11:46  Ravager x4  
  200  11:56  Lair  
  116  12:57  Hydralisk x10  
  116  12:58  Hydralisk x11  
  145  13:20  Drone  
  145  13:21  Drone x2  
  145  13:22  Drone x5  
  145  13:23  Drone  
  154  14:03  Hive  
  152  14:41  Hydralisk  
  152  14:42  Roach x2, Hydralisk x4  
  152  14:43  Roach x5, Hydralisk x5  
  152  14:44  Roach x3  
  143  15:19  Overlord x3  
  131  15:42  Adrenal Glands  
  126  15:52  Overlord x3  
  126  15:55  Overseer  
  126  15:57  Overseer  
  126  15:59  Overseer  
  104  16:25  Overlord x2  
  104  16:26  Overlord, Hydralisk  
  104  16:27  Roach x2, Hydralisk x4  
  104  16:28  Roach x4, Hydralisk x2  
  104  16:29  Roach  
  120  16:58  Overseer x3  
  120  17:02  Hydralisk  
  120  17:03  Roach x2, Viper, Hydralisk x4  
  120  17:04  Hydralisk, Roach x4  
  147  17:11  Hydralisk  
  147  17:12  Roach  
  68  17:40  Hydralisk x2  
  68  17:41  Roach x4, Hydralisk x5  
  68  17:42  Roach x4  
Show
View Real Time Build Order
Export as new Build Order

Stephen Terran 

Build Orders: MMM Bio 

Get SALT Encoding   

  12  0:01  SCV  
  13  0:14  SCV  
  14  0:21  Supply Depot  
  14  0:27  SCV  
  15  0:43  SCV  
  15  0:46  Barracks  
  16  0:56  SCV, Supply Depot  
  17  1:08  Barracks  
  17  1:10  SCV  
  18  1:20  Supply Depot  
  18  1:23  SCV  
  19  1:29  Refinery  
  19  1:38  SCV  
  20  1:40  Refinery  
  20  1:56  SCV  
  21  2:02  Marine x2  
  23  2:09  Orbital Command  
  23  2:15  Barracks  
  23  2:28  Barracks  
  23  2:35  SCV  
  24  2:38  Marine x2  
  26  2:46  Engineering Bay  
  26  2:48  SCV  
  27  3:05  Factory  
  27  3:07  SCV  
  28  3:14  Barracks Tech Lab  
  28  3:15  Marine x2  
  28  3:19  SCV, Marine  
  32  3:31  SCV  
  32  3:34  Supply Depot  
  33  3:37  Marine  
  33  3:38  Marine x2  
  36  3:52  Factory Reactor, Starport  
  36  3:53  SCV  
  37  3:57  Barracks Tech Lab  
  37  3:58  Marine x2  
  37  3:59  Marine  
  40  4:06  Supply Depot  
  40  4:08  SCV  
  41  4:15  Stimpack  
  41  4:17  Marine x2  
  41  4:21  SCV  
  41  4:23  Combat Shields  
  44  4:30  Supply Depot  
  44  4:33  Terran Infantry Weapons Level 1  
  44  4:48  Factory Tech Lab  
  44  4:50  Medivac x2  
  48  4:57  Supply Depot  
  48  4:58  Marine x3  
  51  5:00  Marine  
  51  5:03  SCV  
  53  5:15  SCV  
  53  5:17  Marine x3  
  53  5:19  Marine  
  53  5:20  Supply Depot  
  58  5:28  Medivac x2  
  58  5:33  SCV  
  63  5:40  Marine x3  
  66  5:43  Supply Depot  
  66  5:45  Marine  
  67  5:58  Marine x3  
  67  6:03  Marine  
  71  6:14  Supply Depot  
  71  6:16  Marine x3  
  74  6:20  Marine  
  75  6:28  Terran Infantry Armor Level 1  
  75  6:33  Marine  
  75  6:34  Marine x2  
  75  6:38  Marine  
  79  6:43  Command Center  
  79  6:48  SCV  
  79  6:51  Marine  
  81  7:00  SCV  
  82  7:01  Marine x2  
  82  7:02  Marine  
  85  7:09  Marine  
  86  7:19  Marine x3  
  89  7:27  Marine  
  69  7:37  Marine x3  
  59  7:45  Marine  
  55  7:54  Medivac x2  
  55  7:55  Marine x3  
  62  8:01  Orbital Command  
  62  8:02  Marine  
  63  8:13  SCV  
  63  8:16  Refinery  
  64  8:23  Refinery  
  64  8:25  SCV  
  65  8:28  Siege Tank  
  65  8:30  Factory  
  68  8:38  Medivac x2  
  72  8:46  Armory  
  72  9:34  Missile Turret  
  72  9:37  Marine  
  72  9:38  Marine x3  
  76  9:55  Marine x2  
  76  9:56  Medivac x2, Marine x2  
  76  9:59  Factory Reactor  
  84  10:03  Starport  
  84  10:13  Marine x3  
  84  10:14  Marine  
  88  10:31  Marine x2  
  88  10:34  Marine x2  
  92  10:36  Siege Tank  
  92  10:38  Widow Mine x2  
  99  10:43  Starport Reactor  
  99  10:49  Marine x2  
  101  10:51  Supply Depot  
  101  10:52  Marine  
  102  11:14  Supply Depot  
  102  11:27  Marine x3  
  102  11:28  Marine  
  102  11:30  Terran Infantry Weapons Level 2  
  106  11:33  Terran Vehicle And Ship Armor Level 1  
  106  11:38  Supply Depot  
  106  11:42  Armory  
  106  11:45  Marine x3  
  109  11:48  Engineering Bay  
  109  11:56  Marine  
  110  12:01  Widow Mine x3  
  110  12:02  Supply Depot  
  110  12:03  Marine x3  
  119  12:14  Marine  
  120  12:21  Marine  
  121  12:24  Supply Depot  
  121  12:29  Armory  
  118  13:08  Terran Infantry Armor Level 2  
  118  13:10  Marine  
  118  13:11  Marine x3  
  122  13:25  Widow Mine x3  
  128  13:28  Marine x3  
  128  13:29  Marine  
  128  13:30  Terran Vehicle And Ship Armor Level 2  
  128  13:32  Terran Vehicle Weapons Level 1  
  132  13:37  Supply Depot  
  132  13:46  Marine x4  
  136  13:54  Widow Mine x2  
  90  14:04  Marine x4  
  80  14:21  Marine  
  80  14:22  Medivac x2, Marine x3  
  88  14:25  Viking  
  88  14:26  Viking  
  92  14:39  Marine  
  92  14:40  Marine x3  
  96  14:52  Medivac x2  
  98  14:55  Viking x2, Widow Mine  
  98  14:56  Widow Mine x2  
  98  14:57  Marine x2  
  98  14:58  Marine x2  
  113  15:15  Marine x4  
  114  15:24  Widow Mine x3  
  114  15:25  Viking x2  
  120  15:46  Marine  
  120  15:47  Marine x3  
  124  15:52  Widow Mine  
  124  15:53  Widow Mine x2  
  124  15:55  Viking x2  
  134  16:04  Marine  
  134  16:05  Marine x3  
  138  16:21  Widow Mine x2  
  138  16:22  Marine x3  
  138  16:23  Marine  
  146  16:40  Marine x4  
  150  16:58  Marine x4  
  152  17:27  Marine x4  
  119  17:44  Marine  
  119  17:45  Marine x3  
Show
View Real Time Build Order
Export as new Build Order

iamuncooth Terran 

Build Orders:  

Get SALT Encoding   

  12  0:08  SCV  
  13  0:20  SCV  
  14  0:24  Refinery  
  14  0:32  SCV  
  14  0:34  Supply Depot  
  15  0:56  SCV  
  16  0:58  Barracks  
  16  1:08  SCV  
  17  1:31  Command Center  
  17  1:51  Marine  
  18  1:55  Factory  
  18  2:07  SCV  
  19  2:09  Marine  
  20  2:19  SCV  
  21  2:27  Marine  
  22  2:33  SCV  
  23  2:37  Refinery  
  23  2:45  SCV, Marine  
  25  3:00  Factory Tech Lab  
  25  3:04  Starport, SCV  
  26  3:08  SCV  
  27  3:16  SCV  
  28  3:20  SCV  
  28  3:28  SCV  
  28  3:32  SCV  
  30  3:35  Siege Tank  
  30  3:40  SCV  
  34  3:43  Starport Reactor  
  34  3:44  SCV, Supply Depot  
  35  3:56  SCV  
  35  4:01  Marine  
  37  4:08  SCV  
  38  4:19  Marine  
  38  4:20  SCV  
  40  4:28  Siege Tank  
  40  4:29  Viking  
  45  4:33  Refinery  
  45  4:34  SCV  
  45  4:35  Refinery  
  46  4:48  Supply Depot  
  46  5:03  Orbital Command  
  46  5:05  Orbital Command  
  46  5:10  Siege Tank, Marine  
  46  5:11  Supply Depot x2  
  50  5:27  Viking x2  
  54  5:31  Marine  
  54  5:34  Supply Depot  
  54  5:35  Supply Depot  
  54  5:54  SCV  
  55  5:59  Fusion Core  
  55  6:00  Factory Tech Lab  
  55  6:06  SCV  
  56  6:13  Command Center  
  56  6:15  Viking x2  
  60  6:43  Starport  
  60  6:48  SCV  
  60  6:51  Factory Tech Lab  
  61  6:55  Weapon Refit  
  61  6:59  Starport  
  61  7:00  SCV  
  62  7:11  Viking x2  
  62  7:12  SCV  
  67  7:22  Factory Tech Lab  
  67  7:24  SCV  
  68  7:36  SCV  
  66  7:44  Battlecruiser  
  70  7:45  Battlecruiser  
  76  7:52  SCV  
  76  7:54  Refinery  
  77  7:59  Refinery, SCV  
  77  8:05  SCV x2  
  80  8:11  SCV  
  80  8:12  Viking x2  
  85  8:13  Starport  
  85  8:16  Supply Depot  
  85  8:17  SCV x2  
  87  8:23  SCV  
  88  8:29  SCV x2  
  88  8:31  Armory  
  88  8:33  Factory Tech Lab  
  90  8:35  SCV  
  90  8:38  Supply Depot  
  90  8:41  SCV  
  92  8:42  SCV  
  92  8:47  SCV  
  94  9:07  Viking x2  
  94  9:08  Battlecruiser  
  104  9:17  SCV  
  104  9:19  Raven, Armory  
  107  9:29  SCV  
  108  9:35  Battlecruiser  
  114  9:42  SCV x2  
  116  9:54  SCV  
  116  9:57  Terran Ship Weapons Level 1  
  116  9:58  Engineering Bay  
  117  10:09  Battlecruiser  
  123  10:14  Command Center  
  123  10:16  Starport  
  123  10:23  Supply Depot  
  123  10:27  Viking x2  
  127  10:45  Supply Depot  
  127  11:00  Missile Turret, Battlecruiser  
  127  11:01  Battlecruiser  
  127  11:02  Viking x2  
  143  11:08  Supply Depot  
  143  11:20  Missile Turret  
  143  11:32  Planetary Fortress  
  143  11:40  Missile Turret  
  143  11:43  Orbital Command  
  143  12:03  Missile Turret  
  143  12:15  SCV  
  144  12:24  Missile Turret  
  144  12:27  SCV  
  145  12:39  SCV  
  145  12:40  Battlecruiser  
  145  12:41  Battlecruiser x3  
  145  12:44  Missile Turret  
  171  12:51  SCV  
  171  13:03  SCV  
  171  13:05  Missile Turret  
  167  13:25  Missile Turret  
  165  13:36  Refinery  
  165  13:37  Refinery  
  162  13:45  Battlecruiser  
  162  13:46  Missile Turret  
  139  14:16  Battlecruiser  
  151  14:17  Battlecruiser x2  
  151  14:18  Viking x2  
  160  14:36  Terran Ship Weapons Level 2  
  160  14:48  Viking  
  160  14:49  Battlecruiser  
  168  14:56  Refinery, Command Center  
  168  14:59  Refinery  
  117  15:25  Battlecruiser x2  
  129  15:54  Battlecruiser  
  134  16:49  Battlecruiser x2  
  134  16:50  Battlecruiser  
Show
View Real Time Build Order
Export as new Build Order

noobzr Terran 

Build Orders:  

Get SALT Encoding   

  12  0:01  SCV  
  13  0:13  SCV  
  14  0:20  Supply Depot  
  14  0:25  SCV  
  15  0:35  Refinery  
  15  0:41  SCV  
  16  0:50  Barracks  
  16  0:53  SCV  
  17  1:06  SCV  
  18  1:18  SCV  
  19  1:30  SCV  
  20  1:42  SCV  
  20  1:43  Command Center  
  21  1:54  SCV  
  21  1:57  Factory  
  21  1:59  Barracks Tech Lab  
  21  2:25  Marauder  
  23  3:07  Supply Depot  
  23  3:29  Siege Tank  
  23  3:30  Supply Depot  
  26  4:01  Siege Tank  
  27  5:04  Refinery  
  27  5:08  SCV  
  27  5:12  Cyclone  
  31  5:37  SCV  
  31  5:41  Refinery  
  32  5:44  SCV  
  34  5:50  SCV  
  34  5:51  Widow Mine  
  34  5:56  SCV  
  37  5:57  Starport  
  37  5:58  Barracks Reactor  
  37  6:02  SCV  
  38  6:08  Orbital Command  
  38  6:14  Orbital Command  
  38  6:17  Refinery  
  38  6:39  Medivac  
  40  6:41  SCV x2  
  42  6:51  Supply Depot  
  42  6:53  SCV x2  
  44  6:54  Supply Depot  
  44  7:00  Widow Mine  
  46  7:12  Widow Mine  
  46  7:13  SCV  
  49  7:15  Supply Depot  
  49  7:17  Supply Depot  
  43  7:25  SCV  
  42  7:40  Supply Depot  
  42  7:42  Widow Mine x2  
  45  7:54  SCV  
  45  7:55  Command Center  
  46  8:02  Starport Reactor  
  46  8:06  SCV  
  46  8:11  Widow Mine x2  
  51  8:13  Factory  
  51  8:16  Factory  
  51  8:17  Factory  
  51  8:19  SCV  
  52  8:35  Engineering Bay  
  52  8:39  Widow Mine x2  
  56  8:57  Factory  
  56  9:08  Widow Mine x2  
  56  9:09  Medivac x2  
  62  9:16  Factory Reactor  
  62  9:17  Factory Reactor  
  62  9:22  Factory Reactor  
  62  9:27  SCV  
  62  9:30  SCV  
  64  9:33  Refinery  
  64  9:34  Refinery  
  64  9:36  Widow Mine x2  
  68  9:39  Medivac, SCV  
  68  9:42  SCV  
  72  9:51  SCV  
  73  9:52  Widow Mine  
  73  9:53  Widow Mine  
  73  9:54  Hellion x2, SCV  
  82  10:03  SCV  
  83  10:08  Widow Mine  
  85  10:22  Widow Mine  
  85  10:29  Widow Mine  
  85  11:05  Widow Mine  
  85  11:08  Widow Mine  
  85  11:16  Widow Mine  
  85  11:17  Widow Mine  
  85  11:34  Widow Mine  
  85  11:36  Widow Mine  
  85  11:43  Widow Mine  
  85  12:13  Supply Depot  
  85  12:14  Supply Depot  
  85  12:18  Supply Depot  
  85  12:25  Factory Tech Lab  
  85  12:34  Widow Mine x4  
  85  12:35  Widow Mine x4  
  85  12:37  Supply Depot  
  101  12:38  Supply Depot  
  101  12:52  Armory  
  101  13:02  Widow Mine x3  
  101  13:04  Widow Mine  
  109  13:07  Widow Mine  
  109  13:08  Widow Mine x2  
  109  13:09  Hellion x2  
  119  14:07  Widow Mine x3  
  119  14:09  Drilling Claws  
  125  14:16  Supply Depot  
  125  14:17  Supply Depot  
  125  14:18  Supply Depot  
  125  14:19  Supply Depot  
  125  14:38  Hellion  
  127  14:40  Command Center  
  107  15:35  Widow Mine x9  
  109  16:03  Widow Mine  
  109  16:04  Widow Mine x3  
  110  16:35  Widow Mine  
  110  16:36  Widow Mine x8  
  114  17:04  Widow Mine x5  
  124  17:11  Widow Mine  
  124  17:12  Widow Mine x3  
  126  17:28  Refinery  
  126  17:30  Refinery  
  126  17:32  Widow Mine  
  126  17:33  Widow Mine x4  
Show
View Real Time Build Order
Export as new Build Order

RukKus Terran 

Build Orders: Command Center First (CC), MMM Bio 

Get SALT Encoding   

  12  0:01  SCV  
  13  0:13  SCV  
  14  0:20  Supply Depot  
  14  0:25  SCV  
  15  0:42  SCV  
  16  0:54  SCV  
  17  1:06  SCV, Command Center  
  18  1:17  Barracks  
  18  1:23  SCV  
  19  1:37  SCV  
  20  1:53  Barracks  
  20  1:54  Barracks  
  20  1:58  Barracks  
  20  2:15  Orbital Command  
  20  2:26  Refinery  
  20  2:28  Marine  
  21  2:40  Marine  
  21  2:41  Refinery  
  22  2:48  Marine  
  23  2:58  Marine  
  23  3:14  Barracks Tech Lab  
  23  3:17  Marine x2  
  25  3:21  Barracks Tech Lab  
  25  3:35  Concussive Shells, Marauder  
  25  3:38  Marine  
  25  3:39  Supply Depot x2, Marine  
  31  3:41  Marauder  
  31  3:55  Marine  
  31  3:59  Marine x2  
  34  4:04  Marauder  
  36  4:11  Orbital Command  
  36  4:15  SCV  
  37  4:21  Stimpack, Marine  
  38  4:27  SCV  
  38  4:28  Barracks Tech Lab  
  39  4:32  Marauder  
  41  4:43  SCV  
  44  4:46  Marauder, Marine  
  44  4:50  Supply Depot  
  45  5:00  Marauder, Marine  
  45  5:02  SCV  
  45  5:04  Marine  
  45  5:06  Marine  
  51  5:07  SCV  
  51  5:12  Supply Depot  
  52  5:14  Combat Shields, SCV  
  52  5:22  SCV  
  52  5:24  Marine  
  52  5:25  Marine  
  52  5:26  Marauder, SCV  
  58  5:35  Marauder  
  60  5:41  SCV  
  60  5:42  Marine  
  61  5:43  Marine  
  61  5:48  Supply Depot  
  61  5:49  Supply Depot  
  63  5:50  Supply Depot  
  63  5:51  Marauder  
  63  5:54  SCV  
  63  5:55  SCV  
  69  6:06  SCV  
  69  6:10  Marauder, SCV  
  73  6:14  Marauder  
  73  6:15  Marine  
  73  6:16  Marauder  
  76  6:19  SCV  
  77  6:30  Command Center  
  77  6:33  SCV  
  77  6:34  SCV  
  77  6:39  Marauder  
  81  6:41  Refinery  
  81  6:43  Refinery  
  81  6:46  Marauder  
  83  6:47  SCV  
  83  6:48  Factory  
  84  6:54  Supply Depot  
  84  6:56  SCV  
  84  6:57  Supply Depot  
  85  7:02  SCV  
  85  7:06  Marauder, Marine  
  85  7:07  Marine  
  90  7:11  Marauder  
  90  7:12  SCV  
  93  7:24  SCV  
  94  7:36  Marine x2  
  68  7:37  Marauder  
  68  7:40  Marine  
  68  7:42  SCV x2  
  64  7:49  SCV  
  64  7:50  Factory Reactor  
  65  7:54  SCV  
  65  7:55  Marauder, Barracks Reactor  
  65  7:56  Starport  
  70  7:58  Marauder, Marine  
  70  8:01  Barracks  
  70  8:02  Orbital Command, Barracks  
  70  8:04  SCV  
  72  8:11  SCV  
  73  8:17  SCV  
  74  8:24  SCV  
  74  8:25  Marauder  
  74  8:26  Marauder, Marine  
  80  8:29  Engineering Bay  
  80  8:31  Engineering Bay  
  80  8:32  SCV x2  
  82  8:36  Factory Reactor  
  82  8:40  Medivac x2  
  86  8:42  SCV  
  86  8:45  SCV  
  86  8:46  Refinery  
  86  8:47  Refinery, Marauder  
  86  8:48  Marauder, Marine  
  92  8:55  SCV  
  94  9:00  Missile Turret  
  94  9:01  Terran Infantry Armor Level 1, Terran Infantry Weapons Level 1  
  94  9:02  Missile Turret  
  94  9:03  SCV  
  94  9:04  Missile Turret  
  94  9:06  Barracks Reactor  
  94  9:08  Marauder, Barracks Reactor  
  97  9:11  Marauder  
  97  9:12  Widow Mine x2  
  103  9:17  Medivac x2  
  103  9:18  SCV  
  108  9:28  Marauder, Marine x2  
  108  9:30  SCV  
  113  9:34  Sensor Tower  
  113  9:40  Widow Mine  
  113  9:41  Widow Mine  
  117  9:51  Marauder  
  117  9:52  Marauder  
  121  9:58  Marauder, Marine x2  
  121  9:59  Sensor Tower, Medivac x2, Marine, Supply Depot  
  130  10:01  Supply Depot  
  130  10:06  SCV  
  131  10:08  Armory  
  131  10:09  Widow Mine x2, Marine  
  131  10:12  Marauder  
  138  10:22  Marauder  
  138  10:23  Supply Depot x2, Marauder, Marine x2  
  138  10:27  Supply Depot  
  145  10:29  Supply Depot  
  145  10:30  Marine x2  
  145  10:31  Marine x2  
  145  10:34  Marauder  
  150  10:35  Medivac  
  150  10:37  Widow Mine  
  150  10:38  Widow Mine  
  156  10:42  Supply Depot  
  156  10:46  Marauder  
  158  10:51  Marine  
  158  10:52  Marine x3  
  158  10:55  Terran Infantry Weapons Level 2  
  158  10:56  Terran Infantry Armor Level 2  
  162  10:57  SCV  
  163  11:08  Medivac x2  
  167  11:16  Marine  
  167  11:17  Marauder, Marine x6  
  176  11:23  Supply Depot  
  176  11:25  Supply Depot  
  176  11:37  Command Center  
  176  11:40  Marauder, Marine x4  
  182  11:56  Marine x2  
  182  11:57  Marauder, Marine  
  182  11:58  Marine  
  188  12:02  Marauder  
  188  12:04  Barracks  
  188  12:06  Barracks  
  190  12:11  Marine  
  190  12:12  Marine x2  
  190  12:14  Marine  
  190  12:15  Marauder  
  196  12:26  Marauder, Marine x3  
  154  12:46  Marauder, Marine x5  
  154  12:47  Marine x2  
  154  12:48  Marauder  
  132  12:56  Barracks Reactor x2  
  132  12:58  Widow Mine x2  
  132  12:59  SCV  
  132  13:00  Barracks  
  132  13:01  Barracks  
  132  13:04  Marine x4  
  139  13:15  Marine x4  
  143  13:30  Marine  
  143  13:31  Marauder, Marine x3  
  143  13:33  Marine x3  
  151  13:39  Marine  
  151  13:40  Marine x3  
  151  13:41  Marine  
  156  13:43  Terran Infantry Armor Level 3, Terran Infantry Weapons Level 3  
  156  13:44  SCV  
  157  13:58  Marauder, Marine x3  
  157  13:59  Marine  
  157  14:07  Marine  
  157  14:08  Marauder  
  151  14:20  Marine x2  
  151  14:21  Marauder, Marine x8  
  163  14:25  Marine  
  163  14:29  Marauder  
  164  14:38  Marine x4  
  164  14:39  Marine x2  
  164  14:40  Marauder, Marine  
  164  14:41  Marine x2  
  164  14:42  Marauder  
  177  14:51  Marine x2  
  179  14:56  Marine  
  180  15:06  Marauder, Marine x6  
  188  15:07  Marine  
  188  15:09  Marine  
  152  15:21  Marine x3  
  152  15:22  Marauder  
  152  15:24  Marine  
  130  15:29  Barracks Reactor x2  
  130  15:41  Orbital Command, Marine x4  
  130  15:42  Marine  
  135  15:46  Marine  
  136  15:51  Marine x4  
  136  15:53  Widow Mine, Marine x3  
  145  15:59  Marine x2  
  145  16:00  Marine  
  148  16:10  Marine x5  
  148  16:11  Marauder x2, Marine x4  
  151  16:16  Medivac x2  
  162  16:26  Marine x3  
  162  16:27  Marauder  
  167  16:33  Command Center  
  167  16:35  Command Center, Marine x5  
  172  16:46  Medivac x2  
  176  16:50  Marauder, Marine x7  
  176  16:51  Marine x4  
  176  16:53  Marine x2  
  191  16:57  Marine x2  
  191  16:58  Marine  
  194  17:09  Marauder  
  194  17:10  Marauder  
  194  17:15  Marine x2  
  188  17:36  Marauder, Marine x3  
  155  17:48  Marine x2  
  155  17:49  Marine  
Tags
 
Add a new tag
Caveats
  • Supply blocks, unpowered buildings, or Contaminate may cause inaccurate times.
  • Supply counts are checked every 10 seconds.